 Dungeon Crawl Stone Soup version 0.21.1-1-g345015f (webtiles) character file.

476 prawnwizard the Sneak (level 6, -3/28 HPs)
             Began as a Spriggan Enchanter on June 30, 2018.
             Slain by a centaur skeleton (7 damage)
             ... on level 5 of the Dungeon.
             The game lasted 00:29:04 (4790 turns).

prawnwizard the Sneak (Spriggan Enchanter)          Turns: 4790, Time: 00:29:05

Health: -3/28      AC:  2    Str:  4    XL:     6   Next: 85%
Magic:  13/13      EV: 18    Int: 19    God:
Gold:   205        SH:  3    Dex: 16    Spells: 7/13 levels left

rFire    x . .     SeeInvis +   h - +3 short sword
rCold    + . .     Gourm    .   (shield restricted)
rNeg     . . .     Faith    .   b - +0 robe
rPois    .         Spirit   .   (helmet restricted)
rElec    .         Reflect  +   j - scarf {repulsion}
rCorr    .         Harm     .   (gloves unavailable)
MR       +....                  (boots unavailable)
Stlth    +++.......             n - +3 amulet of reflection
HPRegen  0.09/turn              g - ring of ice
MPRegen  0.13/turn              t - ring of flight

@: heavily drained, repel missiles, very quick
A: very small, unfitting armour, see invisible, herbivore, speed 3, slow
metabolism 2
a: Evoke Flight


You were on level 5 of the Dungeon.
You were not hungry.

You visited 1 branch of the dungeon, and saw 5 of its levels.

You collected 205 gold pieces.

Inventory:

Hand Weapons
 a - a +1 dagger
 h - a +3 short sword (weapon)
Armour
 b - a +0 robe (worn)
 j - a scarf of repulsion (worn)
Jewellery
 g - a ring of ice (left hand)
 n - a +3 amulet of reflection (around neck)
 t - a ring of flight (right hand)
 z - an uncursed amulet of harm
Scrolls
 e - 3 scrolls of noise {unknown}
 f - a scroll of enchant armour {unknown}
 i - 2 scrolls of remove curse {unknown}
 k - 2 scrolls of identify {unknown}
 o - 2 scrolls of teleportation {unknown}
 u - 2 scrolls of fear {unknown}
 v - 2 scrolls of magic mapping {unknown}
 w - a scroll of random uselessness {unknown}
 x - a scroll of blinking {unknown}
 y - a scroll of fog {unknown}
Potions
 l - 2 potions of curing {unknown}
 m - a potion of lignification {unknown}
 p - a potion of haste {unknown}
 q - 2 potions of agility {unknown}
 r - a potion of degeneration {unknown}
 s - 2 potions of heal wounds {unknown}
Books
 c - a book of Maledictions

   Spells                             Type                      Level
   a - Corona                         Hexes                        1
   b - Ensorcelled Hibernation        Hexes/Ice                    2
   c - Confuse                        Hexes                        3
   d - Tukima's Dance                 Hexes                        3
   e - Dazzling Spray                 Conjuration/Hexes            3
Comestibles
 d - 4 rations


   Skills:
 - Level 1.1(0.0) Short Blades
 + Level 5.4(3.2) Dodging
 + Level 6.9(4.6) Stealth
 - Level 4.3(2.1) Spellcasting
 * Level 6.6(4.3) Hexes


You had 7 spell levels left.
You knew the following spells:

 Your Spells              Type           Power        Failure   Level  Hunger
a - Corona                Hex            ###....      2%          1    #......
b - Ensorcelled Hibernat  Hex/Ice        ###...       11%         2    ##.....
c - Confuse               Hex            ###.....     9%          3    ###....


Dungeon Overview and Level Annotations

Branches:
Dungeon (5/15)
 Temple: D:4-7

Altars:
Kikubaaqudgha
Makhleb

Annotations:
D:4 Edmund; bande's ghost, amateur GrFi


Innate Abilities, Weirdness & Mutations

You are very small and have problems with some larger weapons.
You are too small for most types of armour.
You have supernaturally acute eyesight. (SInv)
You are a herbivore.
You cover ground extremely quickly.
You need consume almost no food.


Message History

* * * LOW HITPOINT WARNING * * *
You hit the centaur skeleton.
The centaur skeleton is moderately damaged.
The centaur skeleton barely misses you.
You block the centaur skeleton's attack.
You hit the centaur skeleton.
The centaur skeleton is heavily damaged.
The centaur skeleton closely misses you.
You hit the centaur skeleton.
The centaur skeleton is severely damaged.
The centaur skeleton hits you.
* * * LOW HITPOINT WARNING * * *
The centaur skeleton misses you.
You hit the centaur skeleton.
The centaur skeleton is severely damaged.
The centaur skeleton misses you.
You puncture the centaur skeleton!
The centaur skeleton is almost destroyed.
The centaur skeleton hits you!
You die...

#.#.#.#.#.##
..........#
##.#.#.#.#.###
#............#
##.#.#.#.#.#.#
#...........#
##.#.#.#.#.##
..........<)#
#.#.#.#.#.#@##
#.........Z..#
#$#.#.#.#.#.##
#.$...#######
.###


You could see a centaur skeleton.

Vanquished Creatures
  Sigmund (D:4)
  A big kobold (D:4)
  A hound (D:4)
  Terence (D:2)
  Jessica (D:2)
  A worker ant (D:5)
  5 adders
  A shadow imp (D:5)
  5 worms
  A dart slug (D:2)
  4 leopard geckos
  3 orcs
  A ball python (D:2)
  5 bats
  6 giant cockroaches
  6 hobgoblins
  2 quokkas
  2 frilled lizards (D:1)
  6 goblins
  13 kobolds
  4 rats (D:2)
70 creatures vanquished.

Notes
Turn   | Place    | Note
-------+----------+-------------------------------------------
     0 | D:1      | prawnwizard the Spriggan Enchanter began the quest for the Orb.
     0 | D:1      | Reached XP level 1. HP: 9/9 MP: 5/5
    79 | D:1      | Reached XP level 2. HP: 9/13 MP: 4/6
    85 | D:1      | Learned a level 2 spell: Ensorcelled Hibernation
   873 | D:2      | Noticed Terence
   875 | D:2      | Reached skill level 5 in Stealth
  1150 | D:2      | Killed Terence
  1150 | D:2      | Reached XP level 3. HP: 10/16 MP: 0/8
  1385 | D:2      | Noticed Jessica
  1550 | D:2      | Killed Jessica
  1550 | D:2      | Reached XP level 4. HP: 13/21 MP: 7/10
  2123 | D:2      | You fall through a shaft!
  2132 | D:3      | Reached skill level 5 in Hexes
  2786 | D:3      | Reached XP level 5. HP: 18/24 MP: 3/11
  2903 | D:3      | Found a burning altar of Makhleb.
  3254 | D:4      | Noticed bande's ghost (amateur GrFi)
  3339 | D:4      | Noticed Sigmund
  3350 | D:4      | Killed Sigmund
  3350 | D:4      | Reached skill level 5 in Dodging
  3350 | D:4      | Reached XP level 6. HP: 15/28 MP: 10/13
  3745 | D:4      | Noticed Edmund
  3896 | D:3      | Learned a level 3 spell: Confuse
  4207 | D:4      | Found an ancient bone altar of Kikubaaqudgha.
  4502 | D:5      | Entered Level 5 of the Dungeon
  4790 | D:5      | Slain by a centaur skeleton

Skill      XL: |  1  2  3  4  5 |
---------------+----------------+-----
Hexes          | 4 5 6 |  6.6
Spellcasting   | 3 4 |  4.3
Stealth        | 5 6 |  6.9
Dodging        | 4 5 |  5.4
Short Blades   | |  1.1

Action                   |  1- 3 |  4- 6 || total
-------------------------+-------+-------++-------
Melee: Dagger            |    70 |       ||    70
       Short sword       |    56 |   173 ||   229
 Cast: Corona            |     1 |       ||     1
       Ensorcelled Hiber |    11 |    38 ||    49
 Stab: Sleeping          |     8 |    17 ||    25
  Eat: Ration            |       |     2 ||     2
Armor: Robe              |    18 |     3 ||    21
Dodge: Dodged            |   132 |   121 ||   253
       Deflected         |       |     2 ||     2
Block: Other             |     1 |    15 ||    16
       Reflection        |       |     1 ||     1
